 Dungeon Crawl Stone Soup version 0.28-a0-773-g130ae17fe5 (webtiles) character file.

Game seed: 11509906024509201939

0 spiderkeys the Skirmisher (level 1, -21/11 HPs)
             Began as a Vine Stalker Abyssal Knight on Nov 1, 2021.
             Was a Follower of Lugonu.
             Killed from afar by a will-o-the-wisp (26 damage)
             ... with a foxfire
             ... on level 4 of the Abyss.
             The game lasted 00:01:06 (155 turns).

spiderkeys the Skirmisher (VSAK)                     Turns: 155, Time: 00:01:06

Health: -21/11     AC:  4    Str: 15    XL:     1   Next: 0%
Magic:  0/3        EV: 11    Int:  8    God:    Lugonu [*.....]
Gold:   0          SH:  0    Dex: 14    Spells: 0/0 levels left

rFire   . . .      SeeInvis .   d - +0 morningstar (flame)
rCold   . . .      Faith    .   (no shield)
rNeg    . . .      Spirit   +   b - +1 leather armour
rPois   .          Reflect  .   (no helmet)
rElec   .          Harm     .   (no cloak)
rCorr   .          Rampage  .   (no gloves)
Will    .....                   (no boots)
Stlth   +.........              (no amulet)
HPRegen 0.03/turn               (no ring)
MPRegen 0.08/turn               (no ring)

@: about to teleport
A: fangs 2, magic shield, antimagic bite, no potion heal 2, dopey 1
a: Renounce Religion, Depart the Abyss


You were on level 4 of the Abyss.
You worshipped Lugonu.
Lugonu was aware of your devotion.
You visited 0 branches of the dungeon, and saw 0 of its levels.
You visited the Abyss 1 time.


Innate Abilities, Weirdness & Mutations

You have extremely sharp teeth.
When hurt, damage is shared between your health and your magic reserves.
Your bite disrupts and absorbs the magic of your enemies.
Potions cannot restore your health.
You are dopey. (Int -2)


   Skills:
 + Level 2.6 Fighting
 + Level 1.7 Short Blades
 + Level 1.5 Armour
 + Level 0.7 Dodging
 + Level 1.7 Invocations


You couldn't memorise any spells.
You didn't know any spells.
Your spell library was empty.

Inventory:

Hand Weapons
 a - a +1 short sword
 d - a +0 morningstar of flaming (weapon)
   (You found it on level 2 of the Abyss)
Missiles
 f - 15 stones
Armour
 b - a +1 leather armour (worn)
Scrolls
 e - a scroll of teleportation {@r4}
Potions
 i - a potion of cancellation {unknown}

Dungeon Overview and Level Annotations

Branches:
Dungeon (0/15)

Altars:

# #....#..# .# #.
.....#. . # . . .#.###
. .§.#. .#≈.
##................. ..
#...#. ....#...≈≈.≈.
#.#..#.###......#... .
....#...≈≈#≈≈≈≈≈≈≈≈.≈
##..#..##.≈≈≈≈≈≈≈≈≈.≈..
######.@#.#.###..$#...
#...##v.#.... # .. .
#...#...§§.#.#.......
#$.....§.§v.#§#.....
#...#..##.§3§§§§# #.#.
## ##. #.§l§#§§#≈≈≈vv
## #..§#l3 §§≈≈v≈
##.§#§§§§§≈≈≈≈
#..§#§§#≈≈3≈≈


You could see a will-o-the-wisp, a basilisk and a neqoxec.


Message History

🤖 Initializing magus.rc ... ✅ Successfully initialized magus.rc [v1.9.10] Welcome, spiderkeys the Vine Stalker Abyssal Knight.
They say the Orb of Zot lies within this dungeon, but they say a lot of things.
Lugonu says: Depart the Abyss and spread corruption, my servant! (use the ability menu to exit the Abyss) Press ? for a list of commands and other information.
Found a scroll labelled LEWNUJ PAKEF.
Found a corrupted altar of Lugonu.
c - a scroll labelled LEWNUJ PAKEF Unknown command.
There is a corrupted altar of Lugonu here.
Found a gateway leading deeper into the Abyss.
You enter the shallow water.
Moving in this stuff is going to be slow.
Found a corrupted altar of Lugonu.
Found a gateway leading deeper into the Abyss.
There is a gateway leading deeper into the Abyss here.
You plunge deeper into the Abyss.
You see here a +0 morningstar of flaming.
You see here a +0 morningstar of flaming.
d - a +0 morningstar of flaming Your +0 morningstar of flaming bursts into flame!
d - a +0 morningstar of flaming (weapon)
You enter the shallow water.
Moving in this stuff is going to be slow.
You see here a +0 shortbow.
A smoke demon comes into view.
The smoke demon gestures at you. Something smites you!
Ouch! That really hurt!
* * * LOW HITPOINT WARNING * * *
😨 HP[-8] MP[-2]
You take 8 damage, and now have 3/11 hp.
MASSIVE DAMAGE!! (PAUSE)
You lost 2 mp, and now have 1/3 mp.
You are suddenly pulled into a different region of the Abyss!
Found a gateway leading deeper into the Abyss.
Unknown command.
There is a gateway leading deeper into the Abyss here. 😨 MP[+1]
There is a gateway leading deeper into the Abyss here.
You plunge deeper into the Abyss.
The abyssal rune of Zot can be found at this depth.
Found three items.
Found a corrupted altar of Lugonu.
Found a gateway leading deeper into the Abyss. 😨 HP[+1]
e - a scroll labelled JAIRHI HOSSAMN;
f - 15 stones 😨 MP[+1]
Your mp is fully restored (3).
g - a scroll labelled UGURYI GIOHUN
Found a gateway leading deeper into the Abyss.
A large abomination comes into view.
Found a gateway leading deeper into the Abyss.
There is a gateway leading deeper into the Abyss here.
You plunge deeper into the Abyss.
The abyssal rune of Zot can be found at this depth.
e - 2 scrolls labelled JAIRHI HOSSAMN (gained 1)
h - a scroll labelled MAENUNW ADISS 😨 HP[+1]
i - a glowing purple potion
Okay, then.
The neqoxec shouts!
A will-o-the-wisp comes into view.
The will-o-the-wisp gives a chilling moan.
The will-o-the-wisp gestures.
The will-o-the-wisp conjures some foxfire!
The neqoxec gestures at you.
Strange energies course through your body.
You feel stupid. 2 foxfires come into view.
You see here a scroll labelled POAWNOBUUCU.
Okay, then.
As you read the scroll labelled POAWNOBUUCU, it crumbles to dust.
The scroll dissolves into smoke.
It was a scroll of fog.
As you read the scroll labelled JAIRHI HOSSAMN, it crumbles to dust.
You feel strangely unstable.
You feel the power of the Abyss delaying your translocation!
It was a scroll of teleportation.
As you read the scroll labelled LEWNUJ PAKEF, it crumbles to dust.
You assume a fearsome visage.
Nothing appears to happen.
It was a scroll of fear.
As you read the scroll labelled UGURYI GIOHUN, it crumbles to dust.
It is a scroll of enchant armour.
Your +0 leather armour glows green for a moment.
As you read the scroll labelled MAENUNW ADISS, it crumbles to dust.
You feel momentarily disoriented.
It was a scroll of magic mapping.
The will-o-the-wisp gestures.
The will-o-the-wisp conjures some foxfire! 2 foxfires come into view.
The foxfire hits you!!
Ouch! That really hurt!
You die...

Action                   || total
-------------------------++-------
  Use: Scroll            ||     5

Levels and vault maps discovered:
Abyss:4:  base: Temple, nicolae_abyss_rune_left_handed

Notes
Turn   | Place    | Note
-------+----------+-------------------------------------------
     0 | Abyss:1  | spiderkeys the Vine Stalker Abyssal Knight began the quest
                  | for the Orb.
     0 | Abyss:1  | Reached XP level 1. HP: 11/11 MP: 3/3
     0 | Abyss:1  | magus.rc [v1.9.10]
    53 | Abyss:1  | Found a corrupted altar of Lugonu.
    72 | Abyss:2  | Noticed a smoke demon
    93 | Abyss:3  | Found a corrupted altar of Lugonu.
   111 | Abyss:3  | Noticed a large abomination
   142 | Abyss:4  | Noticed a neqoxec
   143 | Abyss:4  | Noticed a will-o-the-wisp
   143 | Abyss:4  | Gained mutation: You are dopey. (Int -2) [a neqoxec]
   151 | Abyss:4  | Noticed a basilisk
   151 | Abyss:4  | a shapeshifter changed into a basilisk
   155 | Abyss:4  | Killed from afar by a will-o-the-wisp

Vanquished Creatures (others)
  2 foxfires (Abyss:4)
2 creatures vanquished.

Table legend:
 A = Non-vault XP
 B = Vault XP
 C = Vault XP percentage of total XP
 D = Non-vault monster count
 E = Vault monster count
 F = Vault count percentage of total count
                 A         B        C        D         E       F
            +---------+---------+-------+---------+---------+-------
      Total |       0 |       0 |   N/A |       0 |       0 |  -nan
            +---------+---------+-------+---------+---------+-------
            +---------+---------+-------+---------+---------+-------

Illustrated notes

Table legend: (Time is in decaauts)
 A = Elapsed time spent in this place.
 B = Non-inter-level travel time spent in this place.
 C = Inter-level travel time spent in this place.
 D = Time resting spent in this place.
 E = Time spent auto-exploring this place.
 F = Levels seen in this place.
 G = Mean time per level.
                   A        B        C        D        E       F      G
               +--------+--------+--------+--------+--------+-----+--------+
         Total |    158 |    158 |      0 |      0 |     45 |   4 |   39.5 |
         Abyss |    158 |    158 |      0 |      0 |     45 |   4 |   39.5 |
               +--------+--------+--------+--------+--------+-----+--------+

Top non-repeatable levels by time:
 Abyss:1: 58 daAuts
 Abyss:4: 40 daAuts
 Abyss:2: 39 daAuts
 Abyss:3: 20 daAuts
